 Dungeon Crawl Stone Soup version 0.17-a0-1946-gfb768fe (webtiles) character file.

4844 HungrySpirit the Transmogrifier (level 10, 0/87 HPs)
             Began as a Red Draconian Transmuter on Oct 1, 2015.
             Was an Initiate of Gozag.
             Slain by a hippogriff (8 damage)
             ... on level 8 of the Dungeon.
             The game lasted 00:35:25 (12837 turns).

HungrySpirit the Transmogrifier (DrTm)             Turns: 12837, Time: 00:35:25

Health: 0/87       AC:  7    Str: 14    XL:     10   Next: 25%
Magic:  19/19      EV: 15    Int: 16    God:    Gozag
Gold:   1238       SH:  0    Dex: 16    Spells: 4 memorised, 10 levels left

rFire  x . .     SeeInvis .       - Unarmed
rCold  + + +     Clarity  .     (armour unavailable)
rNeg   + . .     SustAt   .     (shield currently unavailable)
rPois  +         Gourm    +     (helmet currently unavailable)
rElec  .         Spirit   .     (cloak currently unavailable)
rCorr  .         Warding  .     (gloves currently unavailable)
rMut   .         Stasis   .     (boots currently unavailable)
MR     .....                    i - amulet of the gourmand
Stlth  ++........               (no ring)
                                w - ring of positive energy

@: agile, about to teleport, ice-form, not resistant to hostile enchantments,
unstealthy
A: (breathe fire), unfitting armour, (fire resistance 0), (cold-blooded), AC +7
a: End Transformation, Potion Petition, Call Merchant, Bribe Branch, Renounce
Religion


You were on level 8 of the Dungeon.
You worshipped Gozag.
Gozag was noncommittal.
You were not hungry.
You were a creature of crystalline ice.
You visited 2 branches of the dungeon, and saw 9 of its levels.

You collected 1323 gold pieces.
You spent 28 gold pieces at shops.
You paid 57 gold pieces to Gozag.

Inventory:

Hand weapons
 g - a +1 dagger of venom
 r - the +9 flail "Ugiext" (melded) {speed, rN+ MR+ MP+9 Str+2}
   (You found it on level 6 of the Dungeon)

   Attacks with this weapon are significantly faster.
   It affects your strength (+2).
   It protects you from negative energy.
   It affects your resistance to hostile enchantments.
   It affects your magic capacity (+9).
Missiles
 a - 23 arrows
Jewellery
 i - an amulet of the gourmand (around neck)
 w - a ring of positive energy (left front paw)
 E - an uncursed ring of magical power {unknown}
Magical devices
 o - a wand of digging (13)
 p - a wand of hasting (5)
 q - a wand of lightning (0)
 v - a wand of fireball (4)
 B - a wand of fire (2)
Scrolls
 h - a scroll of amnesia
 j - 2 scrolls of enchant armour
 k - 3 scrolls of remove curse
 u - a scroll of fog
Potions
 m - a potion of cure mutation
 x - a potion of poison {unknown}
 F - a potion of might {unknown}
Books
 b - a book of Changes

   Spells                             Type                      Level
   a - Beastly Appendage              Transmutation                1
   b - Sticks to Snakes               Transmutation                2
   c - Spider Form                    Transmutation/Poison         3
   d - Ice Form                       Ice/Transmutation            4
   e - Blade Hands                    Transmutation                5
Comestibles
 c - 6 bread rations
 f - 4 meat rations


   Skills:
 + Level 1.9 Fighting
 - Level 1.7 Dodging
 + Level 7.4 Unarmed Combat
 + Level 6.6 Spellcasting
 * Level 10.0 Transmutations
 - Level 5.0 Ice Magic


You had 10 spell levels left.
You knew the following spells:

 Your Spells              Type           Power        Failure   Level  Hunger
a - Beastly Appendage     Trmt           #####.       1%          1    None
b - Sticks to Snakes      Trmt           #####.....   1%          2    None
c - Ice Form              Ice/Trmt       ####....     8%          4    ####...
d - Blade Hands           Trmt           #####.....   8%          5    #####..


Dungeon Overview and Level Annotations

Branches:
Dungeon (8/15)             Temple (1/1) D:4
   Lair: D:8-11

Altars:
Ashenzari
Cheibriados
Dithmenos
Elyvilon
Fedhas
Gozag
Kikubaaqudgha
Makhleb
Nemelex Xobeh
Okawaru
Qazlal
Ru
Sif Muna
Trog
Vehumet
Xom
Yredelemnul
Zin
The Shining One

Shops:
D:6 =


Innate Abilities, Weirdness & Mutations

((You can breathe blasts of fire.))
((Your fiery red scales are hard (AC +7).))
Your body does not fit into most forms of armour.
((Your flesh is heat resistant.))
((You are cold-blooded and may be slowed by cold attacks.))


Message History

Drink which item? (? for menu, Esc to quit)
Not wearing; Degree: 0 You feel better.
The giant frog closely misses you. The hippogriff bites you.
* * * LOW HITPOINT WARNING * * *
The hippogriff pecks you.
* * * LOW HITPOINT WARNING * * *
The hippogriff claws you.
* * * LOW HITPOINT WARNING * * *
The giant frog barely misses you.
Drink which item? (? for menu, Esc to quit)
You feel agile all of a sudden.
The hippogriff bites you but does no damage.
The hippogriff misses you. The hippogriff closely misses you.
The giant frog hits you but does no damage.
Read which item? (? for menu, Esc to quit)
As you read the scroll of teleportation, it crumbles to dust.
You feel strangely unstable. The giant frog completely misses you.
The hippogriff bites you!
You die...
Your body crumbles into a pile of gold.

###########
#..ZFYHa..# #
#....###....#
.# #....
.....# .#
..\. .#.....
.# ...
##..... .# ..
.... .###. #
### .....
..... $ $


You could see a hippogriff, a giant frog, a worker ant and a centaur zombie.

Vanquished Creatures
  A cyclops (D:8)
  Psyche (D:8)
  A centaur skeleton (D:7)
  A two-headed ogre (D:8)
  2 hippogriffs
  A necrophage (D:8)
  An orc warrior (D:8)
  A wasp (D:8)
  2 black bears
  3 ice beasts
  2 phantoms
  A sky beast (D:7)
  3 centaurs
  A crocodile (D:8)
  A giant frog (D:7)
  A water moccasin skeleton (D:6)
  2 scorpions
  A vampire bat (D:4)
  5 crimson imps
  4 hounds (D:7)
  6 orc wizards
  A giant frog zombie (D:5)
  4 orc priests
  2 iguanas
  Jessica (D:2)
  9 worker ants
  A worker ant zombie (D:7)
  Robin (D:1)
  2 gnolls (D:6)
  10 adders
  A shadow imp (D:6)
  3 adder skeletons
  7 giant geckos
  27 orcs
  A spectral bat (D:4)
  3 bat skeletons (D:4)
  A bat zombie (D:4)
  3 fire bats (D:4)
  22 goblins
  6 hobgoblins
  8 jackals
  7 kobolds
  3 quokkas
  2 ball pythons (D:2)
  14 bats
  A bat simulacrum (D:4)
  7 giant cockroaches
  6 giant newts
  A quokka skeleton (D:6)
  A quokka zombie (D:7)
  7 rats
203 creatures vanquished.

Vanquished Creatures (collateral kills)
  A hill giant (D:8)
  An ice beast (D:6)
  An orc warrior (D:7)
  9 ogres
  A necrophage (D:8)
  A crimson imp (D:5)
  A centaur zombie (D:4)
  A worker ant (D:4)
  2 gnolls (D:6)
  3 orcs
  A spectral bat (D:4)
  2 bats (D:4)
24 creatures vanquished.

Grand Total: 227 creatures vanquished

Notes
Turn   | Place    | Note
--------------------------------------------------------------
     0 | D:1      | HungrySpirit the Draconian Transmuter began the quest for the Orb.
     0 | D:1      | Reached XP level 1. HP: 16/16 MP: 3/3
   201 | D:1      | Reached XP level 2. HP: 7/23 MP: 5/5
  1271 | D:2      | Reached XP level 3. HP: 28/28 MP: 6/6
  1329 | D:2      | Noticed Robin
  1352 | D:1      | Killed Robin
  2025 | D:2      | Noticed Jessica
  2395 | D:2      | Killed Jessica
  2395 | D:2      | Reached XP level 4. HP: 3/35 MP: 7/7
  2787 | D:2      | Learned a level 2 spell: Sticks to Snakes
  2792 | D:2      | Learned a level 4 spell: Ice Form
  3758 | D:3      | Reached XP level 5. HP: 40/40 MP: 9/9
  3798 | D:3      | Reached skill level 4 in Transmutations
  4278 | D:4      | Reached skill level 1 in Ice Magic
  4308 | D:4      | HP: 2/40 [poisoned by a worker ant]
  4316 | D:4      | HP: 1/40 [poisoned by a worker ant]
  4625 | D:4      | Noticed an ogre
  4636 | D:4      | Noticed an ice beast
  4638 | D:4      | Killed an ogre
  4983 | D:4      | Noticed a black bear
  4997 | D:4      | Killed a black bear
  4997 | D:4      | Reached XP level 6. HP: 34/47 MP: 5/10
  5081 | D:4      | Killed an ice beast
  5081 | D:4      | Reached skill level 5 in Transmutations
  5535 | D:4      | Reduced skill Ice Magic to level 1
  5535 | D:4      | Your scales start taking on a fiery red colour.
  5535 | D:4      | Gained mutation: Your flesh is heat resistant. [Red Draconian growth]
  5535 | D:4      | Reached XP level 7. HP: 30/52 MP: 12/12
  6089 | D:4      | Noticed an ogre
  6099 | D:4      | Killed an ogre
  6235 | D:4      | Noticed an ogre
  6272 | D:4      | Killed an ogre
  6495 | D:4      | Reached skill level 6 in Transmutations
  6584 | D:4      | Found a staircase to the Ecumenical Temple.
  6596 | Temple   | Entered the Ecumenical Temple
  6828 | Temple   | Became a worshipper of Gozag Ym Sagoz the Greedy
  6953 | D:5      | Entered Level 5 of the Dungeon
  6962 | D:5      | Reached skill level 5 in Unarmed Combat
  7390 | D:5      | Reached XP level 8. HP: 55/59 MP: 12/14
  7499 | D:5      | Found a shadowy altar of Dithmenos.
  7500 | D:5      | Found a snail-covered altar of Cheibriados.
  7501 | D:5      | Found a deep blue altar of Sif Muna.
  7501 | D:5      | Found a stormy altar of Qazlal.
  7502 | D:5      | Found a glowing golden altar of the Shining One.
  7502 | D:5      | Found a burning altar of Makhleb.
  7502 | D:5      | Found a blossoming altar of Fedhas.
  7954 | D:6      | Found Lipaaryte's Jewellery Emporium.
  7991 | D:6      | Bought a cursed amulet of inaccuracy for 28 gold pieces
  8137 | D:6      | Got an iridescent flail
  8138 | D:6      | Identified the +9 flail "Ugiext" {speed, rN+ MR+ MP+9 Str+2} (You found it on level 6 of the Dungeon)
  8690 | D:6      | Reached skill level 7 in Transmutations
  9406 | D:6      | Reached skill level 5 in Spellcasting
  9584 | D:7      | Learned a level 5 spell: Blade Hands
  9956 | D:6      | Reached XP level 9. HP: 35/64 MP: 17/17
 10146 | D:7      | Found a glowing golden altar of the Shining One.
 10180 | D:7      | Reached skill level 8 in Transmutations
 10931 | D:7      | Noticed a centaur skeleton
 10939 | D:7      | Killed a centaur skeleton
 11012 | D:7      | Reached skill level 9 in Transmutations
 11235 | D:8      | Noticed Psyche
 11664 | D:8      | Killed Psyche
 11902 | D:8      | Noticed a hill giant
 11910 | D:8      | Noticed a cyclops
 11938 | D:8      | Reached XP level 10. HP: 26/71 MP: 19/19
 12209 | D:8      | Killed a cyclops
 12209 | D:8      | Reached skill level 5 in Ice Magic
 12257 | D:8      | Killed a hill giant
 12298 | D:8      | Reached skill level 10 in Transmutations
 12425 | D:8      | Noticed a white ugly thing
 12834 | D:8      | HP: 4/87 [giant frog (4)]
 12837 | D:8      | Slain by a hippogriff

Vault maps used:
D:1:      lightli_arrival_farm, kennysheep_boxes
D:2:      first_bread, uniq_robin, uniq_jessica
D:3:      kennysheep_generic_room_8
D:4:      black_bear_nest_2, temple_hall, goddamned_bats
D:5:      lemuel_upstairs_altar, grunt_temple_overflow_open
D:6:      mumra_celtic_spiral_tile, serial_shops, nicolae_shop_waterfront
D:7:      basic_altar, kennysheep_generic_room_2
D:8:      hangedman_cross_cluster, uniq_psyche
Temple:   minmay_temple_forest_path_12

Action                   |  1- 3 |  4- 6 |  7- 9 | 10-12 || total
-------------------------+-------+-------+-------+-------++-------
Melee: Unarmed           |   126 |     6 |   268 |    15 ||   415
       Dagger            |    13 |   200 |    59 |       ||   272
       Flail             |       |       |   207 |    27 ||   234
 Cast: Beastly Appendage |    12 |     6 |    22 |     1 ||    41
       Sticks to Snakes  |       |    17 |    50 |     8 ||    75
       Ice Form          |       |       |     4 |     2 ||     6
Invok: Potion Petition   |       |       |     1 |       ||     1
 Abil: Breathe Fire      |       |       |     1 |       ||     1
Evoke: Wand              |       |     6 |     1 |       ||     7
  Use: Scroll            |       |     4 |     1 |    14 ||    19
       Potion            |       |       |     2 |     3 ||     5
 Stab: Sleeping          |       |     2 |     3 |       ||     5
       Distracted        |       |       |     3 |       ||     3
  Eat: Chunk             |    14 |     9 |     6 |       ||    29
       Fruit             |     4 |       |     8 |       ||    12
       Royal jelly       |       |       |     2 |       ||     2
       Beef jerky        |       |       |     1 |       ||     1
       Meat ration       |       |       |       |     1 ||     1
